 Dungeon Crawl Stone Soup version 0.29-a0-284-gf9362112df (webtiles) character file.

Game seed: 5421103081492637615

3208 spaghetti the Thaumaturge (level 10, -4/74 HPs)
             Began as a Djinni Transmuter on Mar 26, 2022.
             Was a Priest of Dithmenos.
             Slain by a two-headed ogre
             ... wielding a +0 giant club
              (11 damage)
             ... on level 9 of the Dungeon.
             The game lasted 00:12:38 (8337 turns).

spaghetti the Thaumaturge (Djinni Transmuter)       Turns: 8337, Time: 00:12:38

Health: -4/74      AC: 21    Str:  9    XL:     10   Next: 17%
Gold:   287        EV: 10    Int: 19    God:    Dithmenos [***...] SH:  0 Dex: 14

rFire   x . .      SeeInvis .     - Unarmed
rCold   + + +      Faith    .   (shield currently unavailable)
rNeg    . . .      Spirit   .   (body armour currently unavailable)
rPois   ∞          Reflect  .   (helmet currently unavailable)
rElec   .          Harm     .   (cloak currently unavailable)
rCorr   .          Rampage  .   (gloves currently unavailable)
Will    .....                   (boots unavailable)
Stlth   ++........              i - amulet of the acrobat
HPRegen 0.22/turn               (no ring)
MPRegen 0.00/turn               (no ring)

@: ice-armoured, ice-form, weak-willed, wereblooded, flying, wreathed by umbra
A: freezing attack, flying, boosted hp, sickness immunity, large, (fire
resistance 2), (cold vulnerability 1), float, innate caster, HP casting, extra
vitality 1
a: End Transformation, Renounce Religion, Shadow Step


You were on level 9 of the Dungeon.
You worshipped Dithmenos.
Dithmenos was most pleased with you.
You were a creature of crystalline ice.
You visited 1 branch of the dungeon, and saw 9 of its levels.

You collected 505 gold pieces.
You spent 218 gold pieces at shops.


Innate Abilities, Weirdness & Mutations

You are a creature of crystalline ice.
You have a powerful freezing melee attack.
You are flying.
Your maximum health is increased.
Your armour is entirely melded.
You are incapable of wielding weapons or throwing items.
You are immune to sickness and miasma.
You are immune to poison.
((Your flesh is very heat resistant. (rF++)))
((You are vulnerable to cold. (rC-)))
You float through the air rather than walking.
You learn spells naturally, not from books.
Your magical power is your life essence.
You have superior vitality. (+4 MHP)


   Skills:
 - Level 1.0 Fighting
 - Level 2.1 Dodging
 - Level 3.0 Unarmed Combat
 + Level 10.7 Spellcasting


You had 12 spell levels left.
You knew the following spells:

 Your Spells              Type           Power      Damage    Failure   Level
a - Beastly Appendage     Tmut           100%       N/A       1%          1
b - Wereblood             Tmut           50%        N/A       1%          2
c - Spider Form           Tmut/Pois      50%        N/A       1%          3
d - Ice Form              Ice/Tmut       50%        N/A       1%          4
e - Summon Small Mammal   Summ           100%       N/A       1%          1
f - Blink                 Tloc           100%       N/A       1%          2
g - Static Discharge      Conj/Air       50%        N/A       1%          2
h - Ozocubu's Armour      Ice            50%        N/A       1%          3
Your spell library was empty.

Inventory:

Hand Weapons
 f - a +1 dagger of electrocution {short}
   (You found it on level 1 of the Dungeon)
 h - a +2 hand axe of flaming {axe}
   (You took it off an orc on level 5 of the Dungeon)
 q - a +1 mace of draining {mace}
   (You took it off an orc on level 3 of the Dungeon)
 u - a +0 dagger of freezing {short}
   (You took it off a goblin on level 4 of the Dungeon)
 y - a +1 rapier of holy wrath {short}
   (You found it on level 5 of the Dungeon)
 z - a +2 war axe of venom {axe}
   (You found it on level 5 of the Dungeon)
 F - a +0 short sword of electrocution {short}
   (You took it off an orc on level 7 of the Dungeon)
Missiles
 d - 160 stones (quivered) {throwing}
 o - 3 poisoned darts {throwing}
Armour
 a - a +0 robe (melded)
 v - an orb of energy (melded)
   (You found it on level 4 of the Dungeon)
 G - the +0 chain mail "Qaromam" {rF+}
   (You bought it in a shop on level 7 of the Dungeon)

   rF:        It protects you from fire.
Magical Staves
 e - a staff of cold (melded) {!astaff}
   (You found it on level 1 of the Dungeon)
 w - a staff of cold {!astaff}
   (You found it on level 5 of the Dungeon)
 B - a staff of air {!astaff}
   (You found it on level 6 of the Dungeon)
Jewellery
 i - an amulet of the acrobat (around neck)
   (You found it on level 1 of the Dungeon)
Wands
 t - a wand of flame (10)
   (You found it on level 3 of the Dungeon)
 E - a wand of polymorph (4)
   (You found it on level 6 of the Dungeon)
Scrolls
 g - 2 scrolls of amnesia
 j - a scroll of teleportation {@r4}
 k - a scroll of fog
 p - a scroll of torment {!r}
 s - a scroll of enchant weapon
 A - a scroll of brand weapon {unknown}
 C - 3 scrolls of noise {!r}
 H - 2 scrolls of identify {@r1}
Potions
 c - 2 potions of brilliance
 l - 2 potions of degeneration {unknown}
 m - a potion of mutation {unknown}
 n - 2 potions of ambrosia {unknown}
 r - 3 potions of attraction {unknown}
 x - a potion of resistance {unknown}
 D - a potion of curing {unknown}

Dungeon Overview and Level Annotations

Branches:
Dungeon (9/15)
 Temple: D:4-7         Lair: D:8-11         Orc: D:9-12

Altars:
Dithmenos
Sif Muna
Xom

Shops:
D:1 [   D:4 ( D:7

[ ..........#
.........
....... . .....
.. ... ... ##.#
..# #.<#...#
#......#
#Y.....#
P....glO.##.....
.P.......# #####
P...g##>.# .....
#... .... #..##
... .... ###
####


You could see a two-headed ogre (weak-willed), a wyvern (weak-willed) and 2
gnolls.


Message History

Your +0 robe unmelds from your body.
There is an open door here.
There is an open door here.
You hear the rapid hiss of a very distant avalanche of sand.
Found a stone staircase leading down. 😎 HP[-6]
You now have 62 max hp (-12).
There is a stone staircase leading down here.
You hear the rapid hiss of a very distant avalanche of sand.
The hiss of flowing sand is almost imperceptible now.
Unknown command.
The walls and floor vibrate strangely for a moment.
H - 2 scrolls of identify {@r1} (gained 1) Done exploring.
Done exploring.
Done exploring.
Done exploring.
Done exploring.
Done exploring.
(D) Dungeon
Where to? (Enter - D:8, ? - help)
There is a stone staircase leading down here.
You fly downwards.
Found an escape hatch in the floor.
There is a stone staircase leading up here.
A wyvern is nearby!
Unknown command.
Unknown command.
A wyvern is nearby!
A wyvern is nearby!
A gnoll and a two-headed ogre come into view.
The wyvern hisses angrily.
The two-headed ogre shouts in stereo!
The gnoll shouts!
You hear a shout!
You hear an angry hiss.
You hear a shout! x4
Casting: Ice Form (dangerous; 1% risk of failure)
Confirm with . or Enter, or press ? or * to list all spells.
You feel a surge of power!
You turn into a creature of crystalline ice.
Your staff of cold {!astaff} melds into your body.
Your orb of energy melds into your body.
Your +0 robe melds into your body.
The wyvern bites you but does no damage. 😕 HP[+7]
You now have 74 max hp (+12).
You regained 7 hp, and now have 69/74 hp.
Casting: Ice Form (dangerous; 1% risk of failure)
Confirm with . or Enter, or press ? or * to list all spells.
Your icy body feels more resilient.
The wyvern closely misses you. x2 😕 HP[-3]
You take 3 damage, and now have 66/74 hp.
Casting: Ozocubu's Armour (safe; 1% risk of failure)
Confirm with . or Enter, or press ? or * to list all spells.
Your blood is infused with primal strength.
The wyvern misses you.
The two-headed ogre hits you but does no damage. x2 😕 HP[-1]
You take 1 damage, and now have 65/74 hp.
You barely miss the wyvern. The wyvern bites you! 😮 HP[-10]
You take 10 damage, and now have 55/74 hp.
You barely miss the wyvern. The wyvern closely misses you.
The two-headed ogre hits you but does no damage. x2
The wyvern closely misses you.
Unknown command.
You hit the wyvern. You freeze the wyvern.
A gnoll comes into view. It is wielding a +0 halberd.
The gnoll closely misses you. The wyvern closely misses you.
You hit the wyvern. You freeze the wyvern. The wyvern barely misses you.
The gnoll barely misses you.
The two-headed ogre hits you with a +0 giant club!
The two-headed ogre hits you but does no damage.
The wyvern bites you but does no damage. 😮 HP[-6]
You take 6 damage, and now have 49/74 hp.
You hit the wyvern but do no damage. The gnoll hits you but does no damage.
The wyvern bites you but does no damage.
The two-headed ogre hits you with a +0 giant club!!
* * * LOW HITPOINT WARNING * * *
The two-headed ogre closely misses you. 😨 HP[-29]
You take 29 damage, and now have 20/74 hp.
MASSIVE DAMAGE!! (PAUSE)
As you read the scroll labelled UKHARCHUOMUKH, it crumbles to dust.
You hear a loud clanging noise!
It was a scroll of noise.
You hear a shout!
You hear an angry hiss. x2; You hear a bellow!
You hear a loud, deep croak!
You hear a croak.
You hear a shout!
You hear a croak.
You hear an angry hiss.
The wyvern bites you but does no damage.
The gnoll hits you from afar with a +0 halberd.
* * * LOW HITPOINT WARNING * * *
The wyvern bites you but does no damage. 😱 HP[-2]
You take 2 damage, and now have 18/74 hp.
As you read the scroll labelled QAITZU LURANE, it crumbles to dust.
Magic quickly surges around you.
It was a scroll of vulnerability.
The gnoll closely misses you.
The two-headed ogre hits you with a +0 giant club!
* * * LOW HITPOINT WARNING * * *
The two-headed ogre hits you with a +0 giant spiked club!
You die...

Skill      XL: |  1  2  3  4  5  6  7  8  9 |
---------------+----------------------------+-----
Spellcasting   | 2 3 4 5 6 8 10 | 10.7
Fighting       | |  1.0
Dodging        | |  2.1
Unarmed Combat | |  3.0

Action                   |  1- 3 |  4- 6 |  7- 9 | 10-12 || total
-------------------------+-------+-------+-------+-------++-------
Melee: Dagger            |    88 |    31 |       |       ||   119
       Unarmed           |     5 |    82 |   229 |    20 ||   336
       Headbutt          |     3 |     2 |       |       ||     5
       Punch             |     1 |       |       |       ||     1
       Staff             |       |       |    29 |       ||    29
Throw: Stone             |     6 |       |       |       ||     6
 Cast: Beastly Appendage |     9 |     3 |     1 |       ||    13
       Wereblood         |     9 |    19 |    25 |     2 ||    55
       Summon Small Mamm |     2 |       |       |       ||     2
       Spider Form       |       |     6 |       |       ||     6
       Ice Form          |       |    12 |    24 |     3 ||    39
       Ozocubu's Armour  |       |       |       |     2 ||     2
Evoke: Wand              |       |       |     4 |       ||     4
  Use: Scroll            |       |     4 |     3 |     2 ||     9
       Potion            |       |       |     4 |       ||     4
 Stab: Sleeping          |     1 |       |       |       ||     1
Armor: Robe              |    34 |     5 |       |       ||    39
       Skin              |       |    15 |   105 |    13 ||   133
       Chain mail        |       |       |     7 |       ||     7
Dodge: Dodged            |    85 |    82 |   145 |    17 ||   329

Levels and vault maps discovered:
D:1:      elethiomel_arrival_shortcut, layout_basic, serial_shops, shop_statue
D:2:      layout_rooms, basic_ecumenical_altar
D:3:      layout_loops_ring
D:4:      black_bear_nest_1, layout_loops_corners, tgw_sif,
          kennysheep_little_box, serial_shops, nicolae_shop_behind_doors
D:5:      layout_loops_corners, gammafunk_temple_overflow_pools,
          serial_aquarium, aquarium_bridge_straight [aquarium_subvault_bridge,
          aquarium_subvault_wall, aquarium_subvault_bridge,
          aquarium_subvault_wall], aquarium_bridge_square
          [aquarium_subvault_wall, aquarium_subvault_bridge,
          aquarium_subvault_bridge, aquarium_subvault_bridge],
          aquarium_window_1, aquarium_window_1, aquarium_window_corner,
          aquarium_window_1, aquarium_view_2f, aquarium_balcony_double_1,
          uniq_blork_the_orc
D:6:      layout_loops_ring, skrybe_limestone_x, kennysheep_donut
D:7:      layout_loops_ring, serial_shops, nicolae_shop_waterfront,
          minmay_ruffians, uniq_duvessa
D:8:      layout_basic, mainiacjoe_overflow_cross_hatched,
          nicolae_ossuary_entry_catacombs, uniq_prince_ribbit1
D:9:      layout_basic, amcnicky_altar_gilded, jmf_multi_god_temple2,
          due_lair_maze_entry_diamond, kennysheep_another_room,
          nzn_life_drinkers

Notes
Turn   | Place    | Note
-------+----------+-------------------------------------------
     0 | D:1      | spaghetti the Djinni Transmuter began the quest for the
                  | Orb.
     0 | D:1      | Reached XP level 1. HP: 17/17 MP: 0/0
     0 | D:1      | magus.rc [v1.9.6]
   248 | D:1      | Reached skill level 2 in Spellcasting
   248 | D:1      | Reached XP level 2. HP: 19/22 MP: 0/0
   328 | D:1      | Reached XP level 3. HP: 20/27 MP: 0/0
   328 | D:1      | Learned a level 1 spell: Summon Small Mammal
   908 | D:1      | Found Athiun's Antique Armour Shop.
  1223 | D:2      | Found a faded altar of an unknown god.
  1232 | D:2      | Prayed at the altar of an unknown god.
  1232 | D:2      | Became a worshipper of Dithmenos the Shadowed
  1232 | D:2      | Reached * piety under Dithmenos
  1284 | D:2      | Reached skill level 3 in Spellcasting
  1284 | D:2      | Reached XP level 4. HP: 26/32 MP: 0/0
  2184 | D:3      | Noticed a phantom
  2200 | D:3      | Killed a phantom
  2201 | D:3      | Reached skill level 4 in Spellcasting
  2201 | D:3      | Reached XP level 5. HP: 33/37 MP: 0/0
  2201 | D:3      | Learned a level 2 spell: Blink
  2370 | D:3      | Noticed an ice beast
  2378 | D:3      | Killed an ice beast
  2379 | D:3      | Reached XP level 6. HP: 22/42 MP: 0/0
  2389 | D:3      | Reached skill level 5 in Spellcasting
  2393 | D:3      | Reached ** piety under Dithmenos
  3375 | D:4      | Noticed Blork the orc
  3384 | D:4      | Killed Blork the orc
  3385 | D:4      | Reached XP level 7. HP: 43/47 MP: 0/0
  3385 | D:4      | Learned a level 2 spell: Static Discharge
  3695 | D:4      | Found Nevo's Weapon Boutique.
  3751 | D:4      | Noticed a hornet
  3762 | D:4      | HP: 11/56 [hornet (11)]
  3776 | D:5      | Entered Level 5 of the Dungeon
  4500 | D:5      | Reached skill level 6 in Spellcasting
  4559 | D:5      | Reached XP level 8. HP: 52/52 MP: 0/0
  4722 | D:5      | Reached skill level 7 in Spellcasting
  5562 | D:6      | Noticed a wyvern
  5570 | D:6      | Reached *** piety under Dithmenos
  5575 | D:6      | Killed a wyvern
  5643 | D:6      | Reached skill level 8 in Spellcasting
  5654 | D:6      | Reached XP level 9. HP: 37/57 MP: 0/0
  5654 | D:6      | Learned a level 3 spell: Ozocubu's Armour
  6370 | D:7      | Reached skill level 9 in Spellcasting
  6698 | D:7      | Noticed Duvessa
  6698 | D:7      | Noticed Dowan
  6710 | D:7      | Killed Dowan
  6712 | D:7      | Killed Duvessa
  6851 | D:7      | Found Xohubip's Antique Armour Shop.
  6859 | D:7      | Bought a steaming chain mail for 218 gold pieces
  6859 | D:7      | Identified the +0 chain mail "Qaromam" {rF+} (You bought it
                  | in a shop on level 7 of the Dungeon)
  7602 | D:7      | Reached skill level 10 in Spellcasting
  7719 | D:8      | Noticed Prince Ribbit
  7733 | D:8      | HP: 8/68 [Prince Ribbit (12)]
  7739 | D:8      | Killed Prince Ribbit
  7740 | D:8      | Reached XP level 10. HP: 10/62 MP: 0/0
  8045 | D:8      | Found a shimmering altar of Xom.
  8051 | D:8      | Noticed a komodo dragon
  8060 | D:8      | Killed a komodo dragon
  8327 | D:9      | Noticed a two-headed ogre
  8336 | D:9      | HP: 18/74 [gnoll/+0 halberd (2)]
  8337 | D:9      | HP: 7/74 [two-headed ogre/+0 giant club (11)]
  8337 | D:9      | Slain by a two-headed ogre

Vanquished Creatures
  A komodo dragon (D:8)
  Prince Ribbit (D:8)
  A wyvern (D:6)
  3 humans (D:7)
  Duvessa (D:7)
  3 sky beasts
  4 ice beasts
  A centaur (D:5)
  2 phantoms
  Blork the orc (D:4)
  3 bullfrogs
  A necrophage (D:7)
  3 scorpions
  Dowan (D:7)
  3 howler monkeys (D:7)
  2 hounds (D:5)
  2 gnoll shamans (D:6)
  2 orc priests
  3 iguanas
  3 orc wizards
  8 adders
  12 gnolls
  An ufetubus (D:5)
  4 worms
  A dart slug (D:3)
  17 orcs
  4 endoplasms
  2 giant cockroaches
  7 goblins
  4 hobgoblins
  4 jackals (D:2)
  A quokka (D:4)
  7 ball pythons
  8 bats
  4 frilled lizards
  8 kobolds
  6 rats
139 creatures vanquished.

Vanquished Creatures (collateral kills)
  A bat (D:1)
1 creature vanquished.

Vanquished Creatures (others)
  17 fungi
  9 plants (D:9)
26 creatures vanquished.

Grand Total: 166 creatures vanquished

Table legend:
 A = Non-vault XP
 B = Vault XP
 C = Vault XP percentage of total XP
 D = Non-vault monster count
 E = Vault monster count
 F = Vault count percentage of total count
                 A         B        C        D         E       F
            +---------+---------+-------+---------+---------+-------
      Total |    3454 |    1130 |  24.7 |     133 |       7 |   5.0
            +---------+---------+-------+---------+---------+-------
        D:1 |      53 |       0 |   0.0 |      29 |       0 |   0.0
        D:2 |      76 |       0 |   0.0 |      22 |       0 |   0.0
        D:3 |     308 |       0 |   0.0 |      16 |       0 |   0.0
        D:4 |      23 |      99 |  81.1 |       5 |       1 |  16.7
        D:5 |     879 |       0 |   0.0 |      24 |       0 |   0.0
        D:6 |    1062 |       0 |   0.0 |      22 |       0 |   0.0
        D:7 |     484 |     763 |  61.2 |      12 |       5 |  29.4
        D:8 |     569 |     268 |  32.0 |       3 |       1 |  25.0
            +---------+---------+-------+---------+---------+-------

Illustrated notes

Table legend:
 A = Kills in this place as a percentage of kills in entire the game.
 B = Kills by you in this place as a percentage of kills by you in the entire game.
 C = Kills by friends in this place as a percentage of kills by friends in the entire game.
 D = Other kills in this place as a percentage of other kills in the entire game.
 E = Experience gained in this place as a percentage of experience gained in the entire game.
 F = Experience gained in this place divided by the number of levels of this place that you have seen.
                   A       B       C       D       E      F
               +-------+-------+-------+-------+-------+----------------------
         Total | 100.0 | 100.0 | 100.0 |   N/A | 100.0 | 509.3
       Dungeon | 100.0 | 100.0 | 100.0 |   N/A | 100.0 | 509.3
               +-------+-------+-------+-------+-------+----------------------

Table legend: (Time is in decaauts)
 A = Elapsed time spent in this place.
 B = Non-inter-level travel time spent in this place.
 C = Inter-level travel time spent in this place.
 D = Time resting spent in this place.
 E = Time spent auto-exploring this place.
 F = Levels seen in this place.
 G = Mean time per level.
                   A        B        C        D        E       F      G
               +--------+--------+--------+--------+--------+-----+--------+
         Total |   8302 |   8133 |    169 |   1361 |   5600 |   9 |  922.4 |
       Dungeon |   8302 |   8133 |    169 |   1361 |   5600 |   9 |  922.4 |
               +--------+--------+--------+--------+--------+-----+--------+

Top non-repeatable levels by time:
     D:5: 1569 daAuts
     D:7: 1345 daAuts
     D:1: 1193 daAuts
     D:3: 1003 daAuts
     D:6: 958 daAuts
     D:2: 940 daAuts
     D:8: 651 daAuts
     D:4: 627 daAuts
     D:9: 11 daAuts
